 Dungeon Crawl Stone Soup version 0.28-a0-664-gc179e30c89 (webtiles) character file.

Game seed: 16923983867240147102

7409 Johnny the Carver (level 11, -6/91 HPs)
             Began as a Human Berserker on Oct 16, 2021.
             Was a High Priest of Trog.
             Collided with a metal wall (21 damage)
             ... caused by a wretched star
             ... on level 1 of the Abyss.
             The game lasted 00:10:08 (10628 turns).

Johnny the Carver (Human Berserker)                Turns: 10628, Time: 00:10:09

Health: -6/91      AC:  9    Str: 21    XL:     11   Next: 36%
Magic:  11/11      EV: 14    Int:  7    God:    Trog [*****.]
Gold:   889        SH:  0    Dex: 13    Spells: 10/10 levels left

rFire   . . .      SeeInvis .   a - +1 falchion (flame)
rCold   . . .      Faith    .   (no shield)
rNeg    . . .      Spirit   .   I - +0 scale mail
rPois   .          Reflect  .   f - +0 helmet
rElec   .          Harm     .   i - scarf {repulsion}
rCorr   .          Rampage  .   e - +0 pair of gloves
Will    .....                   C - +0 pair of boots
Stlth   ..........              E - amulet of the acrobat
HPRegen 0.25/turn               z - +4 ring of evasion
MPRegen 0.12/turn               (no ring)

@: lethally poisoned (-6 -> -22), about to teleport, on berserk cooldown,
slowed, repel missiles, very slow
A: no striking features
a: Renounce Religion, Berserk, Trog's Hand, Brothers in Arms


You were on level 1 of the Abyss.
You worshipped Trog.
Trog was extremely pleased with you.
You visited 1 branch of the dungeon, and saw 9 of its levels.
You visited the Abyss 1 time.
You also visited: Sewer.

You collected 991 gold pieces.
You spent 102 gold pieces at shops.

Inventory:

Hand Weapons
 a - a +1 falchion of flaming (weapon)
Missiles
 H - 2 throwing nets (quivered)
Armour
 e - a +0 pair of gloves (worn)
 f - a +0 helmet (worn)
 i - a scarf of repulsion (worn)
 C - a +0 pair of boots (worn)
 I - a +0 scale mail (worn)
Jewellery
 z - a +4 ring of evasion (left hand)
 B - an amulet of magic regeneration
 E - an amulet of the acrobat (around neck)
Wands
 u - a wand of polymorph (9)
Scrolls
 b - 3 scrolls of teleportation
 g - a scroll of silence
 l - 4 scrolls of immolation
 m - 4 scrolls of enchant weapon
 o - a scroll of enchant armour
 q - 2 scrolls of noise
 y - 3 scrolls of vulnerability
 G - a scroll of amnesia
Potions
 c - a potion of might
 d - a potion of flight
 h - 3 potions of lignification
 j - a potion of resistance
 k - 4 potions of curing {unknown}
 n - 2 potions of degeneration {unknown}
 p - a potion of invisibility {unknown}
 r - 3 potions of magic {unknown}
 s - 3 potions of cancellation {unknown}
 t - 2 potions of heal wounds
 v - a potion of haste {unknown}
 w - 3 potions of mutation {unknown}
 x - 2 potions of berserk rage {unknown}
 A - a potion of ambrosia {unknown}
 F - a potion of brilliance {unknown}


   Skills:
 + Level 10.3 Fighting
 * Level 14.0 Long Blades
 - Level 2.0 Armour
 - Level 2.0 Dodging


You had 10 spell levels left.
You didn't know any spells.
Your spell library was empty.

Dungeon Overview and Level Annotations

Branches:
Dungeon (9/15)             Temple (0/1) D:4             Orc (0/2) D:9
  Sewer (visited)
   Lair: D:8-11

Altars:

Shops:
D:4 !   D:5 :*   D:8 *[

Annotations:
D:9 Erolcha


Message History

The orc sorcerer hits you but does no damage.
You are too injured to fight recklessly!
You are too injured to fight recklessly!
You are too injured to fight recklessly!
You are too injured to fight recklessly!
You are too injured to fight recklessly!
Unknown command.
You feel very sick. The ice devil hits you!
* * * LOW HITPOINT WARNING * * *
The ice devil freezes you!!
* * * LOW HITPOINT WARNING * * *
You feel much better.
You feel very sick.
The chaos spawn degenerates into a cloud of primal chaos!
The ice devil hits you but does no damage.
The orange demon misses you. The ice devil closely misses you.
As you read the scroll of teleportation, it crumbles to dust.
You feel strangely unstable.
You feel the power of the Abyss delaying your translocation!
You feel very sick. The orange demon completely misses you.
The ice devil closely misses you. The orange demon stings you from afar.
* * * LOW HITPOINT WARNING * * *
You feel much better.
You feel sick. The ice devil misses you. The orange demon stings you from afar.
You are lethally poisoned!
The orange demon poisons you! The ice devil misses you.
* * * LOW HITPOINT WARNING * * *
You feel extremely sick.
You feel much better.
You feel extremely sick.
The wretched star glows turbulently.
The lance of force is repelled.
The wretched star glows turbulently.
The lance of force hits you!
* * * LOW HITPOINT WARNING * * *
You are knocked back by the lance of force.
You slam into the metal wall!
You die...

# # .. # .... #.
.####. . # # ..
#####.#... . .
.# ..#....##. .
.#. # #
.##.#....... #.#
. ยง #.
........# # .. .
.. ####o....# .
. .
#.##.@#.....#.
..###
##..#..*4o......
#. ###.
##.##.4........
. ....# #
..#########...
... # #.....#. #
.. . .##
##.......# . ..
.###..##.#.#.# .
#. ...#..## ....
.#.#.....


You could see a wretched star, an orange demon (summoned), an ice devil
(summoned) and an orc sorcerer.

Vanquished Creatures
  Harold (D:7)
  A thrashing horror (Abyss:1)
  2 hornets (D:8)
  A troll (D:9)
  Grinder (D:3)
  A shadow (D:9)
  Sigmund (D:3)
  8 yaks
  A chaos spawn (Abyss:1)
  A neqoxec (Abyss:1)
  Menkaure (D:6)
  Duvessa (D:6)
  A water moccasin (D:6)
  An ice beast (D:5)
  A sky beast (D:5)
  A black bear (D:6)
  An orc warrior (D:7)
  A necrophage (D:7)
  2 ogres
  8 centaurs
  4 phantoms
  Blork the orc (D:5)
  3 kobold brigands (Sewer)
  A gnoll sergeant (D:6)
  2 bullfrogs (D:8)
  Dowan (D:6)
  2 scorpions
  A wyvern skeleton (D:6)
  A howler monkey (D:5)
  5 crimson imps (D:8)
  4 centaur zombies
  3 hounds
  An orc priest (D:5)
  A jelly (D:4)
  Crazy Yiuf (D:2)
  2 bullfrog skeletons (D:6)
  A centaur skeleton (D:5)
  3 iguanas
  An orc wizard (D:9)
  3 ogre zombies (D:9)
  A howler monkey zombie (D:6)
  Robin (D:2)
  5 gnolls (D:6)
  8 adders
  A howler monkey skeleton (D:3)
  4 river rats
  A shadow imp (D:7)
  5 white imps
  An ufetubus (D:4)
  2 adder skeletons (D:4)
  A worm (D:2)
  6 dart slugs
  17 orcs
  6 endoplasms
  2 giant cockroaches
  16 goblins
  12 hobgoblins
  4 jackals (D:1)
  6 quokkas
  10 ball pythons
  3 bats
  4 frilled lizards
  2 goblin skeletons (D:9)
  4 goblin zombies (D:9)
  2 hobgoblin skeletons (D:9)
  A hobgoblin zombie (D:9)
  20 kobolds
  An orc skeleton (D:9)
  7 orc zombies (D:9)
  27 rats
257 creatures vanquished.

Vanquished Creatures (others)
  27 plants (D:4)
27 creatures vanquished.

Grand Total: 284 creatures vanquished

Notes
Turn   | Place    | Note
-------+----------+-------------------------------------------
     0 | D:1      | Johnny the Human Berserker began the quest for the Orb.
     0 | D:1      | Reached XP level 1. HP: 18/18 MP: 1/1
   219 | D:1      | Reached XP level 2. HP: 17/24 MP: 2/2
   748 | D:1      | Reached XP level 3. HP: 26/29 MP: 3/3
   810 | D:1      | Reached ** piety under Trog
  1182 | D:2      | Found a runed translucent door.
  1183 | D:2      | Noticed Crazy Yiuf
  1368 | D:2      | Reached skill level 4 in Long Blades
  1554 | D:2      | Reached XP level 4. HP: 34/35 MP: 4/4
  1570 | D:2      | Noticed Robin
  1600 | D:2      | Killed Robin
  2337 | D:2      | Killed Crazy Yiuf
  2338 | D:2      | Reached XP level 5. HP: 33/42 MP: 5/5
  2530 | D:3      | Noticed Sigmund
  2649 | D:3      | Reached skill level 5 in Long Blades
  2807 | D:3      | Found a glowing drain.
  2811 | Sewer    | Entered a sewer
  2924 | Sewer    | Noticed a kobold brigand
  2934 | Sewer    | Killed a kobold brigand
  2935 | Sewer    | Reached XP level 6. HP: 49/49 MP: 6/6
  3065 | Sewer    | Reached *** piety under Trog
  3324 | Sewer    | Reached skill level 6 in Long Blades
  3532 | Sewer    | Reached XP level 7. HP: 24/55 MP: 7/7
  3797 | Sewer    | Reached skill level 5 in Fighting
  4106 | D:3      | Killed Sigmund
  4107 | D:3      | Reached skill level 7 in Long Blades
  4265 | D:3      | Noticed Grinder
  4274 | D:3      | Killed Grinder
  4275 | D:3      | Reached XP level 8. HP: 64/64 MP: 8/8
  4290 | D:3      | Found a faded altar of an unknown god.
  4581 | D:4      | Reached skill level 8 in Long Blades
  4671 | D:4      | Reached **** piety under Trog
  4850 | D:4      | Found Nedi's Distillery.
  4936 | D:4      | Bought a potion of heal wounds for 50 gold pieces
  5261 | D:4      | Found a staircase to the Ecumenical Temple.
  5450 | D:5      | Entered Level 5 of the Dungeon
  5483 | D:5      | Reached skill level 9 in Long Blades
  5593 | D:5      | Found Oleatoir's Book Shop.
  5599 | D:5      | Noticed Blork the orc
  5608 | D:5      | Killed Blork the orc
  5609 | D:5      | Reached XP level 9. HP: 50/71 MP: 9/9
  6130 | D:5      | Found Vuwidof's Assorted Antiques.
  6135 | D:5      | Bought a scroll of identify for 52 gold pieces
  6232 | D:6      | Noticed Duvessa
  6232 | D:6      | Noticed Dowan
  6339 | D:6      | Reached skill level 10 in Long Blades
  6516 | D:6      | Killed Duvessa
  6530 | D:6      | Killed Dowan
  6636 | D:6      | Noticed Eustachio
  7002 | D:7      | Reached skill level 11 in Long Blades
  7004 | D:7      | Reached XP level 10. HP: 80/80 MP: 10/10
  7483 | D:7      | Noticed Harold
  7500 | D:7      | Killed Harold
  7501 | D:7      | Reached skill level 12 in Long Blades
  8256 | D:6      | Noticed Eustachio
  8256 | D:6      | Eustachio changed into Eustachio the centaur
  8259 | D:6      | Killed Eustachio the centaur
  8448 | D:6      | You fall into a shaft and drop 1 floor!
  8624 | D:6      | Noticed Menkaure
  8632 | D:6      | Killed Menkaure
  8824 | D:8      | Paralysed by a hornet for 2 turns
  9131 | D:8      | Found Pojenin's General Store.
  9177 | D:8      | Found Kuf Juwk's Antique Armour Shoppe.
  9259 | D:8      | Paralysed by a hornet for 1 turns
  9891 | D:9      | Found a staircase to the Orcish Mines.
  9930 | D:9      | Reached skill level 13 in Long Blades
  9942 | D:9      | Reached ***** piety under Trog
 10020 | D:9      | Reached XP level 11. HP: 62/89 MP: 11/11
 10362 | D:9      | Reached skill level 10 in Fighting
 10497 | D:9      | Noticed Erolcha
 10497 | D:9      | Cast into level 1 of the Abyss (Erolcha)
 10605 | Abyss:1  | Noticed a thrashing horror
 10607 | Abyss:1  | Noticed an orc sorcerer
 10616 | Abyss:1  | Killed a thrashing horror
 10617 | Abyss:1  | Reached skill level 14 in Long Blades
 10621 | Abyss:1  | Noticed a wretched star
 10628 | Abyss:1  | Collided with a metal wall

Illustrated notes

Levels and vault maps discovered:
D:1:      saegor_arrival_miasma, layout_loops_ring
D:2:      kennysheep_big_flooded_room, layout_basic,
          hangedman_decor_clover_reticule, minmay_tetromino_o2,
          uniq_crazy_yiuf_cottage, uniq_robin
D:3:      layout_rooms, shapermc_ecumenical_altar_hornbeckon,
          gup_sewer_entry_bowl, uniq_sigmund, uniq_grinder
D:4:      layout_rooms, minmay_temple_entry_glass, serial_shops,
          nicolae_shop_temple_entry_statues_fountains, kennysheep_boxes
D:5:      layout_cave_pools, serial_shops, shop_fountains,
          kennysheep_little_box, uniq_blork_the_orc
D:6:      layout_rooms, corexii_checkpoint_b, uniq_duvessa, uniq_eustachio,
          uniq_menkaure
D:7:      layout_layer_cave, uniq_harold
D:8:      layout_loops_ring, serial_shops, nicolae_take_the_stairs,
          nicolae_shop_crystal, minmay_nine_imps
D:9:      layout_stronghold, lemuel_mausoleum_altar_kikubaaqudgha,
          zombieorc2_lemuel, serial_park_tiny_1, uniq_erolcha
Abyss:1:  base:
D:3

Skill      XL: |  1  2  3  4  5  6  7  8  9 10 11 |
---------------+----------------------------------+-----
Long Blades    | 4 5 6 7 9 11 13 14 | 14.0
Fighting       | 4 5 6 8 9 10 | 10.3
Armour         | |  2.0
Dodging        | |  2.0

Action                   |  1- 3 |  4- 6 |  7- 9 | 10-12 || total
-------------------------+-------+-------+-------+-------++-------
Melee: Falchion          |   116 |   245 |   307 |   271 ||   939
Throw: Throwing net      |       |       |       |     2 ||     2
Invok: Berserk           |     1 |     7 |     8 |     8 ||    24
       Trog's Hand       |       |     5 |     5 |     1 ||    11
Evoke: Wand              |       |       |     8 |     7 ||    15
  Use: Scroll            |       |       |    13 |     3 ||    16
       Potion            |       |       |     2 |     3 ||     5
 Stab: Paralysed         |       |       |     3 |       ||     3
       Held in net/web   |       |       |       |     1 ||     1
Armor: Ring mail         |    33 |    93 |   120 |     5 ||   251
       Animal skin       |     4 |       |       |       ||     4
       Skin              |       |       |    18 |       ||    18
       Scale mail        |       |       |       |    79 ||    79
Dodge: Dodged            |    80 |   174 |   164 |   174 ||   592
       Repelled          |       |     2 |     1 |     4 ||     7

Table legend: (Time is in decaauts)
 A = Elapsed time spent in this place.
 B = Non-inter-level travel time spent in this place.
 C = Inter-level travel time spent in this place.
 D = Time resting spent in this place.
 E = Time spent auto-exploring this place.
 F = Levels seen in this place.
 G = Mean time per level.
                   A        B        C        D        E       F      G
               +--------+--------+--------+--------+--------+-----+--------+
         Total |  10746 |  10410 |    336 |    917 |   7564 |  11 |  976.9 |
       Dungeon |   9308 |   8972 |    336 |    767 |   6612 |   9 | 1034.2 |
         Abyss |    122 |    122 |      0 |      0 |     86 |   1 |  122.0 |
         Sewer |   1316 |   1316 |      0 |    149 |    866 |   1 | 1316.0 |
               +--------+--------+--------+--------+--------+-----+--------+

Top non-repeatable levels by time:
     D:7: 1720 daAuts
     D:2: 1416 daAuts
   Sewer: 1316 daAuts
     D:1: 1170 daAuts
     D:8: 1039 daAuts
     D:4: 905 daAuts
     D:6: 825 daAuts
     D:5: 779 daAuts
     D:3: 778 daAuts
     D:9: 673 daAuts
 Abyss:1: 122 daAuts
